AoeStats
← SalzZ_AntagonisT

Arabia

511018024Analyzed
1v1 RM · 17d ago on Oct 3, 2026· 30m 18s· 2 players
Game mode
Random Map
Map size
Tiny (2 player)
Population
200
Speed
Normal
Resources
Standard
Victory
Conquest
Starting age
Dark Age
Ending age
Imperial Age
RankedLock teamsTeams togetherTeam positionsShared explorationLock speedFull tech treeHidden civsTurbo modeCheats
Victory
Defeat
🇧🇪 Italians · Belgium
2534
+22
vs
🇷🇺 Varangians · Russia
2665
-22
Macluffy
7:25 Loom
11:04 Feudal Age
11:55 Double-Bit Axe
11:42 Man-at-Arms
13:25 Arson
15:32 Fletching
18:32 Double-Bit Axe
23:16 Castle Age
21:51 Padded Archer Armor
22:00 Horse Collar
22:11 Gold Mining
23:18 Crossbowman
23:54 Bodkin Arrow
28:48 Wheelbarrow
28:29 Town Watch
SalzZ_AntagonisT
6:16 Loom
8:59 Feudal Age
9:02 Man-at-Arms
11:28 Arson
11:45 Town Watch
14:20 Double-Bit Axe
14:42 Horse Collar
22:59 Castle Age
21:20 Fletching
22:25 Padded Archer Armor
23:53 Bow Saw
23:07 Elite Skirmisher
23:56 Bodkin Arrow
25:09 Leather Archer Armor
29:53 Scale Mail Armor
Connection lost

Rejoining the realm…

Still unreachable

The connection could not be restored.

Session expired

The server has moved on; the page needs a fresh start.